 Dungeon Crawl Stone Soup version 0.32-a0-876-gcfddb08e57 (webtiles) character file.

Game seed: 566613338631848592

2 emrys the Grave Robber (level 1, 16/16 HPs)
             Began as a Troll Necromancer on Apr 1, 2024.
             Quit the game on level 1 of the Dungeon.
             The game lasted 00:03:24 (97 turns).

emrys the Grave Robber (Troll Necromancer)            Turns: 97, Time: 00:03:25

Health: 16/16      AC:  4    Str: 15    XL:     1   Next: 25%
Magic:  1/1        EV:  8    Int: 11    God:
Gold:   5          SH:  0    Dex: 10    Spells: 1/2 levels left

rFire   . . .        (no weapon)
rCold   . . .        (no shield)
rNeg    . . .        a - +0 robe
rPois   .            (helmet restricted)
rElec   .            (no cloak)
rCorr   .            (gloves unavailable)
SInv    .            (boots unavailable)
Will    .....        (no amulet)
Stlth   +            (no ring)
HPRegen 1.02/turn    (no ring)
MPRegen 0.07/turn

%: no passive effects
@: no status effects
A: large, unfitting armour, claws 3, regeneration 1, shaggy fur 1, tough skin 1
a: no special abilities


You were on level 1 of the Dungeon.
You visited 1 branch of the dungeon, and saw 1 of its levels.

You collected 5 gold pieces.

Inventory:

Armour
 a - a +0 robe (worn)
Potions
 b - a potion of magic


   Skills:
 + Level 1.5 Dodging
 + Level 1.0 Stealth
 + Level 1.2 Spellcasting
 + Level 3.3 Necromancy


You had one spell level left.
You knew the following spells:

 Your Spells              Type           Power      Damage    Failure   Level
a - Necrotise             Necr           32%        1d5       8%          1

Your spell library contained the following spells:

 Spells                   Type           Power      Damage    Failure   Level
 Vampiric Draining        Necr           8%         2d6       24%         3
 Animate Dead             Necr           8%         N/A       61%         4
 Curse of Agony           Necr           8%         N/A       91%         5


Dungeon Overview and Level Annotations

Branches:
Dungeon (1/15)

Altars:


Innate Abilities, Weirdness & Mutations

You are too large for most types of armour.
You have claws for hands.
Your natural rate of healing is unusually fast.
You are covered in fur. (AC +1)
You have tough skin. (AC +1)


Message History

Casting: Necrotise (safe; 8% risk of failure)
Confirm with . or Enter, or press ? or * to list all spells.
You don't know that spell.
Casting: Necrotise (safe; 8% risk of failure)
Confirm with . or Enter, or press ? or * to list all spells.
You don't know that spell.
Casting: Necrotise (safe; 8% risk of failure)
Confirm with . or Enter, or press ? or * to list all spells.
You don't know that spell.
Casting: Necrotise (safe; 8% risk of failure)
Confirm with . or Enter, or press ? or * to list all spells.
You don't know that spell.
Casting: Necrotise (safe; 8% risk of failure)
Confirm with . or Enter, or press ? or * to list all spells.
You don't know that spell.
Casting: Necrotise (safe; 8% risk of failure)
Confirm with . or Enter, or press ? or * to list all spells.
You don't know that spell.
Casting: Necrotise (safe; 8% risk of failure)
Confirm with . or Enter, or press ? or * to list all spells.
You don't know that spell.
You see here 5 stones.
You see here 5 stones.
You see here 5 stones.
You scratch the fungus.
The fungus begins to die.
The fungus is lightly damaged.
You claw the fungus!
The fungus is lightly damaged.
You scratch the fungus but do no damage.
The fungus is lightly damaged.
You scratch the fungus.
The fungus is lightly damaged.
A nearby fungus withers and dies.
You see here 5 stones.
There is an open door here.
There is an open door here.
You see here a giant cockroach corpse.
Found 14 gold pieces.
Unknown command.
Are you sure you want to abandon this character and quit the game? (Confirm with "yes".)

##+## #.$.#
+...+ #...#
#...# #@..#
+...+ #...#
####.#.####
#..#.#.#..#
#..†...'.(#
#..#...#..#
####...####
#..#...#..#


There were no monsters in sight!

Vanquished Creatures
  A giant cockroach (D:1)
  A rat (D:1)
2 creatures vanquished.

Notes
Turn   | Place    | Note
-------+----------+-------------------------------------------
     0 | D:1      | emrys the Troll Necromancer began the quest for the Orb.
     0 | D:1      | Reached XP level 1. HP: 16/16 MP: 1/1
    97 | D:1      | Quit the game

Illustrated notes

Levels and vault maps discovered:
D:1:      dpeg_arrival_prison, layout_basic,
          hellmonk_ecumenical_altar_dog_temple, minmay_pentomino_v4

Action                     || total
---------------------------++-------
  Melee: Unarmed           ||    18
 Armour: Robe              ||     1
  Dodge: Dodged            ||     2

Table legend: (Time is in decaauts)
 A = Elapsed time spent in this place.
 B = Non-inter-level travel time spent in this place.
 C = Inter-level travel time spent in this place.
 D = Time resting spent in this place.
 E = Time spent auto-exploring this place.
 F = Levels seen in this place.
 G = Mean time per level.
                   A        B        C        D        E       F      G
               +--------+--------+--------+--------+--------+-----+--------+
         Total |     97 |     97 |      0 |      0 |      0 |   1 |   97.0 |
       Dungeon |     97 |     97 |      0 |      0 |      0 |   1 |   97.0 |
               +--------+--------+--------+--------+--------+-----+--------+

Top non-repeatable levels by time:
     D:1: 97 daAuts
